 Dungeon Crawl Stone Soup version 0.25-a0-730-g633e9c3c14 (webtiles) character file.

Game seed: 7841377958088148306, levelgen mode: deterministic

8817 vurker the Grappler (level 11, 0/109 HPs)
             Began as a Troll Hunter on Apr 7, 2020.
             Killed from afar by Psyche (3 damage)
             ... with a puff of frost
             ... while petrified by Psyche
             ... on level 9 of the Dungeon.
             The game lasted 00:17:30 (8708 turns).

vurker the Grappler (Troll Hunter)                  Turns: 8708, Time: 00:17:30

Health: 0/109      AC:  7    Str: 28    XL:     11   Next: 14%
Magic:  10/10      EV:  1    Int:  7    God:
Gold:   111        SH:  0    Dex: 10    Spells: 10/10 levels left

rFire    + . .     SeeInvis .     - Unarmed
rCold    . . .     Gourm    +   J - +1 kite shield of the Peculiar Curses {rElec Str+3}
rNeg     + + +     Faith    .   o - +0 robe
rPois    ∞         Spirit   .   (helmet restricted)
rElec    +         Reflect  .   i - +0 cloak
rCorr    .         Harm     .   (gloves unavailable)
MR       +....                  (boots unavailable)
Stlth    +.........             (no amulet)
HPRegen  0.68/turn              k - ring of protection from magic
MPRegen  0.12/turn              y - ring of protection from fire

@: petrified, drained
A: large, unfitting armour, claws 3, fast metabolism 3, gourmand, regeneration
1, shaggy fur 1, tough skin 3
a: no special abilities


You were on level 9 of the Dungeon.
You were completely stuffed.

You visited 2 branches of the dungeon, and saw 11 of its levels.
You also visited: Bailey.

You collected 558 gold pieces.
You spent 447 gold pieces at shops.

Inventory:

Missiles
 c - 5 large rocks
 p - 21 poisoned darts (quivered)
 B - 21 boomerangs
 H - a throwing net
Armour
 i - a +0 cloak (worn)
   (You found it on level 1 of the Dungeon)
 o - a +0 robe (worn)
   (You found it on level 6 of the Dungeon)
 J - the +1 kite shield of the Peculiar Curses (worn) {rElec Str+3}
   (You bought it in a shop on level 9 of the Dungeon)

   It affects your strength (+3).
   It insulates you from electricity.
Jewellery
 k - a ring of protection from magic (left claw)
   (You found it on level 2 of the Dungeon)
 y - a ring of protection from fire (right claw)
   (You found it on level 5 of the Dungeon)
 A - an uncursed ring of protection from cold
   (You found it on level 6 of the Dungeon)
 E - an uncursed ring of protection from magic
   (You found it on level 6 of the Dungeon)
Wands
 d - a wand of iceblast (3)
   (You took it off Maggie on level 9 of the Dungeon)
Scrolls
 a - 2 scrolls of enchant armour {unknown}
 g - a scroll of immolation
 l - 2 scrolls of fog {unknown}
 m - 2 scrolls of fear
 v - 2 scrolls of noise {unknown}
 w - 2 scrolls of enchant weapon
 z - a scroll of magic mapping {unknown}
 C - 2 scrolls of amnesia {unknown}
 G - a scroll of identify
 I - a scroll of remove curse
 L - a scroll of teleportation
Potions
 b - a potion of brilliance {unknown}
 f - 3 potions of mutation
 h - a potion of berserk rage {unknown}
 n - a potion of magic {unknown}
 q - a potion of ambrosia
 r - 3 potions of haste
 s - a potion of flight {unknown}
 t - 2 potions of lignification
 u - a potion of cancellation {unknown}
 x - a potion of curing {unknown}
Miscellaneous
 D - a phial of floods
   (You found it on level 6 of the Dungeon)
 F - a phantom mirror
Comestibles
 e - 21 rations


   Skills:
 + Level 7.4(6.5) Fighting
 + Level 8.9(7.9) Throwing
 - Level 1.5(0.8) Dodging
 - Level 0.3(0.0) Stealth
 + Level 1.2(0.4) Shields
 * Level 12.0(11.0) Unarmed Combat


You had 10 spell levels left.
You didn't know any spells.
Your spell library contained the following spells:

 Spells                   Type           Power        Failure   Level  Hunger
 Passwall                 Tmut/Erth      #.......     99%         2    ###....
 Sticks to Snakes         Tmut           #.......     99%         2    ###....
 Lesser Beckoning         Tloc           #.........   100%        3    ####...
 Teleport Other           Tloc           #.......     100%        3    ####...
 Blade Hands              Tmut           #.........   100%        5    ######.
 Summon Forest            Summ/Tloc      #.........   100%        5    ######.


Dungeon Overview and Level Annotations

Branches:
Dungeon (10/15)            Temple (1/1) D:5          Bailey (visited)
   Lair: D:8-11         Orc: D:9-12

Altars:
Ashenzari
Cheibriados
Dithmenos
Elyvilon
Fedhas
Gozag
Hepliaklqana
Kikubaaqudgha
Makhleb
Nemelex Xobeh
Okawaru
Qazlal
Ru
Sif Muna
Trog
Uskayaw
Vehumet
Wu Jian
Xom
Yredelemnul
Zin
The Shining One

Shops:
D:4 *   D:6 (   D:9 [

Annotations:
D:9 Psyche
D:10 Nergalle


Innate Abilities, Weirdness & Mutations

You are too large for most types of armour.
You have claws for hands.
Your metabolism is lightning-fast.
You like to eat raw meat.
Your natural rate of healing is unusually fast.
You are covered in fur. (AC +1)
You have extremely tough skin. (AC +3)


Message History

Psyche casts a spell at you. The puff of frost misses you.
Psyche gestures at you while chanting. The magic dart hits you!
* * * LOW HITPOINT WARNING * * *
The centaur warrior shoots an arrow.
The arrow hits you!!
* * * LOW HITPOINT WARNING * * *
The arrow freezes you!
* * * LOW HITPOINT WARNING * * *
You see here an arrow.
Psyche casts a cantrip, but nothing happens.
Psyche looks encouraged for a moment.
The centaur warrior shoots an arrow.
The arrow hits you!
* * * LOW HITPOINT WARNING * * *
The arrow freezes you.
* * * LOW HITPOINT WARNING * * *
Psyche hits you but does no damage.
There is a stone staircase leading up here.
You feel much better. You block Psyche's attack. Psyche casts a spell at you.
You block the puff of flame.
A warg comes into view.
Psyche hits you with a +0 dagger of chaos.
* * * LOW HITPOINT WARNING * * *
You suddenly lose the ability to move!
Psyche hits you but does no damage. x2
Psyche hits you with a +0 dagger of chaos!
* * * LOW HITPOINT WARNING * * *
Psyche hits you but does no damage.
You are slowing down.
The centaur warrior unwields a +1 longbow of freezing.
The centaur warrior hits you. Psyche hits you but does no damage.
You feel drained. The centaur warrior hits you!
* * * LOW HITPOINT WARNING * * *
Psyche hits you with a +0 dagger of chaos.
* * * LOW HITPOINT WARNING * * *
The centaur warrior hits you!
* * * LOW HITPOINT WARNING * * *
Psyche casts a spell at you. The puff of flame hits you. You resist.
You can move again.
Your limbs are stiffening.
You climb upwards.
You have turned to stone.
Psyche hits you but does no damage.
Psyche hits you with a +0 dagger of chaos.
* * * LOW HITPOINT WARNING * * *
Psyche freezes you.
* * * LOW HITPOINT WARNING * * *
Psyche points at you and mumbles some strange words.
The puff of frost hits you!
You die...

#.# #..# #.......###.. #.# ##)##
#.......# ### #.# #))# ######'##
#.# #.## #..# ..# ##)# ##.# '####
#..# #.# ....# ##'######### #.#
....# #.........@# #.# ....#
#.......)@.# #####'#### ....#
#..........#####........## ..).#
#.<........'...#........#.
....####....?.....###.'<.......'.
....#[.'..........# ###........##
....'.##..........# #........#
....############### ##########
#####


You could see Psyche.

Vanquished Creatures
  2 two-headed ogres
  2 rust devils
  Maggie (D:9)
  A hippogriff (D:9)
  A wraith (D:7)
  8 yaks (D:9)
  A hungry ghost (D:8)
  An acid dragon (D:6)
  5 ice beasts
  A sky beast (D:5)
  2 hornet zombies
  5 orc warriors
  A phantom (D:5)
  A black bear (D:6)
  5 ogres
  4 centaurs
  A crocodile (D:9)
  A big kobold (D:8)
  An elf zombie (D:7)
  4 bullfrogs
  A water moccasin zombie (D:9)
  An elf skeleton (D:7)
  2 scorpions
  7 wights
  A howler monkey (D:2)
  4 crimson imps
  A centaur zombie (D:6)
  A bullfrog zombie (D:8)
  2 quasits
  2 human zombies (D:7)
  9 hounds
  4 jellies
  7 orc priests
  9 orc wizards
  2 iguanas
  An iron imp (D:9)
  2 human skeletons (D:7)
  5 worker ants
  A killer bee zombie (D:7)
  A hound zombie (D:7)
  2 mummies (D:7)
  2 worker ant zombies
  13 adders
  3 gnolls (D:4)
  3 shadow imps
  An ooze (D:6)
  An adder zombie (D:5)
  A worm (D:3)
  A dart slug (D:1)
  6 leopard geckos
  40 orcs
  5 giant cockroaches
  4 goblins
  4 hobgoblins
  8 jackals
  2 quokkas
  2 ball pythons
  4 bats
  3 frilled lizards
  15 kobolds
  A leopard gecko skeleton (D:6)
  A leopard gecko zombie (D:6)
  An orc zombie (D:7)
  A quokka skeleton (D:8)
  A quokka zombie (D:7)
  7 rats
243 creatures vanquished.

Notes
Turn   | Place    | Note
-------+----------+-------------------------------------------
     0 | D:1      | vurker the Troll Hunter began the quest for the Orb.
     0 | D:1      | Reached XP level 1. HP: 19/19 MP: 0/0
   136 | D:1      | Reached skill level 1 in Unarmed Combat
   140 | D:1      | Reached XP level 2. HP: 28/28 MP: 1/1
   733 | D:2      | Reached skill level 2 in Unarmed Combat
   733 | D:2      | Reached XP level 3. HP: 35/35 MP: 2/2
  1170 | D:2      | Reached XP level 4. HP: 42/42 MP: 3/3
  1283 | D:2      | Reached skill level 3 in Unarmed Combat
  1530 | D:3      | Reached XP level 5. HP: 50/50 MP: 4/4
  1558 | D:3      | Found a shadowy altar of Dithmenos.
  1853 | D:4      | Found a shattered altar of Ashenzari.
  1904 | D:4      | Got an iridescent dagger
  1905 | D:4      | Identified the +6 dagger of the Fifty Spirits {flame,
                  | Dex+3} (You found it on level 4 of the Dungeon)
  1953 | D:4      | Reached skill level 4 in Unarmed Combat
  1955 | D:4      | Reached XP level 6. HP: 59/59 MP: 5/5
  2243 | D:4      | Found Iniun's Mayhem Merchandise.
  2247 | D:4      | Reached skill level 5 in Unarmed Combat
  2327 | D:4      | Reached skill level 5 in Throwing
  2327 | D:4      | Reached XP level 7. HP: 66/67 MP: 6/6
  2333 | D:4      | Found a hide-covered altar of Uskayaw.
  2360 | D:5      | Entered Level 5 of the Dungeon
  2396 | D:5      | Found a staircase to the Ecumenical Temple.
  2458 | Temple   | Entered the Ecumenical Temple
  2953 | D:5      | Reached skill level 6 in Unarmed Combat
  3128 | D:5      | Reached XP level 8. HP: 75/78 MP: 7/7
  3311 | D:6      | Noticed a two-headed ogre
  3356 | D:5      | Killed a two-headed ogre
  3356 | D:5      | Reached skill level 7 in Unarmed Combat
  3450 | D:6      | Reached skill level 5 in Fighting
  3450 | D:6      | Reached skill level 8 in Unarmed Combat
  3524 | D:6      | Found an opulent altar of Gozag.
  3611 | D:6      | Found a shimmering blue altar of Sif Muna.
  3665 | D:6      | Found Lasama's Weapon Boutique.
  3670 | D:6      | Reached XP level 9. HP: 79/88 MP: 8/8
  3733 | D:6      | Identified Xugurr's Incunabulum of Unstable Orientation
  4336 | D:6      | Reached skill level 9 in Unarmed Combat
  5040 | D:7      | Found a flagged portal.
  5056 | Bailey   | Entered a bailey
  5260 | D:7      | Found an ancient bone altar of Kikubaaqudgha.
  5368 | D:7      | Reached skill level 10 in Unarmed Combat
  5638 | D:7      | Found a glowing golden altar of the Shining One.
  5704 | D:7      | Noticed a two-headed ogre
  5729 | D:7      | Killed a two-headed ogre
  5729 | D:7      | Reached XP level 10. HP: 100/100 MP: 9/9
  6175 | D:7      | Found a glowing silver altar of Zin.
  6556 | D:7      | Noticed a rust devil
  6556 | D:7      | Noticed a rust devil
  6709 | D:7      | Killed a rust devil
  6772 | D:8      | Killed a rust devil
  6819 | D:8      | Reached skill level 11 in Unarmed Combat
  6880 | D:8      | Found a hazy altar of Hepliaklqana.
  7688 | D:9      | Found an iron altar of Okawaru.
  7705 | D:9      | Found Owevvozie's Armour Shop.
  7784 | D:9      | Bought the +1 kite shield of the Peculiar Curses {rElec
                  | Str+3} for 447 gold pieces
  7959 | D:9      | Reached XP level 11. HP: 88/109 MP: 10/10
  7995 | D:9      | Found a snail-covered altar of Cheibriados.
  8164 | D:9      | Noticed Maggie
  8171 | D:9      | Killed Maggie
  8278 | D:9      | Reached skill level 1 in Shields
  8453 | D:9      | Reached skill level 12 in Unarmed Combat
  8543 | D:10     | Entered Level 10 of the Dungeon
  8547 | D:10     | Noticed Nergalle
  8683 | D:10     | Noticed a centaur warrior
  8688 | D:10     | Noticed Psyche
  8699 | D:10     | HP: 4/109 [centaur warrior/arrow (10)]
  8702 | D:10     | Paralysed by Psyche for 4 turns
  8705 | D:10     | HP: 3/109 [centaur warrior (5)]
  8708 | D:9      | Killed from afar by Psyche

Levels and vault maps discovered:
D:1:      dpeg_arrival_lava_altar, layout_basic
D:2:      layout_loops_ring
D:3:      layout_rooms, nicolae_dithmenos_shadow_blocks
D:4:      kennysheep_spiral_hall, layout_cave_pools,
          nicolae_overflow_crystal_walls, lemuel_round_altar, minmay_shop_mayhem
D:5:      minmay_spotlight, layout_loops_ring,
          minmay_temple_entry_drinking_statues, first_ration,
          minmay_misc_feat_secret_circle
D:6:      kennysheep_windowed_halls, layout_basic, kennysheep_little_box,
          basic_altar, serial_shops, shop
D:7:      cheibrodos_iron_armory, layout_loops_corners, tso_oasis_becter,
          lemuel_mausoleum_altar_kikubaaqudgha, kennysheep_mini_moat,
          enter_bailey_6, hangedman_decor_lopped
D:8:      layout_basic, lemuel_coloured_pillars_altar
D:9:      layout_roguey, slow_altar_1, marbit_many_paths, serial_shops,
          nicolae_shop_temple_entry_statues_fountains, uniq_maggie
D:10:     layout_cave_pools, erik_lair_orcish_takeover, uniq_nergalle,
          uniq_psyche
Temple:   nicolae_temple_x_marks_the_god

Skill      XL: |  1  2  3  4  5  6  7  8  9 10 11 |
---------------+----------------------------------+-----
Unarmed Combat | 1 2 3 4 5 6 8 10 11 12 | 12.0
Fighting       | 2 3 4 5 6 7 |  7.4
Throwing       | 4 5 6 7 8 |  8.9
Shields        | 1 |  1.2
Dodging        | |  1.5
Stealth        | |  0.3

Action                   |  1- 3 |  4- 6 |  7- 9 | 10-12 || total
-------------------------+-------+-------+-------+-------++-------
Melee: Unarmed           |    74 |   110 |   281 |   245 ||   710
       Punch             |       |     1 |    16 |     9 ||    26
Throw: Dart              |       |     3 |    37 |     2 ||    42
       Throwing net      |       |       |       |     3 ||     3
       Large rock        |       |       |       |     2 ||     2
  Use: Scroll            |       |       |     9 |     2 ||    11
       Potion            |       |       |     1 |     1 ||     2
 Stab: Sleeping          |     3 |     1 |     1 |     1 ||     6
       Distracted        |       |       |     1 |       ||     1
  Eat: Chunk             |    16 |    11 |    23 |    38 ||    88
Armor: Robe              |    24 |    31 |    79 |    68 ||   202
Dodge: Dodged            |    53 |    52 |   164 |   106 ||   375
Block: Kite shield       |       |       |       |    19 ||    19

Table legend:
 A = Non-vault XP
 B = Vault XP
 C = Vault XP percentage of total XP
 D = Non-vault monster count
 E = Vault monster count
 F = Vault count percentage of total count
                 A         B        C        D         E       F
            +---------+---------+-------+---------+---------+-------
      Total |    9136 |    3461 |  27.5 |     200 |      43 |  17.7
            +---------+---------+-------+---------+---------+-------
        D:1 |      21 |       0 |   0.0 |      12 |       0 |   0.0
        D:2 |     140 |       0 |   0.0 |      23 |       0 |   0.0
        D:3 |      36 |       0 |   0.0 |      11 |       0 |   0.0
        D:4 |     556 |      16 |   2.8 |      26 |       2 |   7.1
        D:5 |    1729 |      38 |   2.2 |      17 |       2 |  10.5
        D:6 |     871 |    1074 |  55.2 |      36 |      17 |  32.1
        D:7 |    1569 |    1264 |  44.6 |      16 |      14 |  46.7
        D:8 |    1174 |     599 |  33.8 |      24 |       2 |   7.7
        D:9 |    3040 |     461 |  13.2 |      35 |       3 |   7.9
     Bailey |       0 |       9 | 100.0 |       0 |       3 | 100.0
            +---------+---------+-------+---------+---------+-------
